 Dungeon Crawl Stone Soup version 0.29-a0-219-g0a02b1cf4f (webtiles) character file.

Game seed: 14669525338691334299

69 Snarg the Shooter (level 3, -1/28 HPs)
             Began as a Demigod Wanderer on Feb 26, 2022.
             Slain by an adder (2 damage)
             ... on level 3 of the Dungeon.
             The game lasted 00:07:43 (2961 turns).

Snarg the Shooter (Demigod Wanderer)                Turns: 2961, Time: 00:07:44

Health: -1/28      AC:  4    Str: 14 (16) XL:     3   Next: 75%
Magic:  6/6        EV: 11    Int: 14 (15) God:
Gold:   165        SH:  0    Dex: 13      Spells: 3/4 levels left

rFire   . . .      SeeInvis .   b - +0 short sword
rCold   . . .      Faith    .   (no shield)
rNeg    . . .      Spirit   .   d - +0 leather armour
rPois   .          Reflect  .   (no helmet)
rElec   .          Harm     .   (no cloak)
rCorr   .          Rampage  .   (no gloves)
Will    .....                   f - +0 pair of boots
Stlth   ++........              (no amulet)
HPRegen 0.09/turn               (no ring)
MPRegen 0.10/turn               (no ring)

@: no status effects
A: high MP 1, forlorn, divine attributes
a: no special abilities


You were on level 3 of the Dungeon.
You visited 1 branch of the dungeon, and saw 3 of its levels.

You collected 165 gold pieces.

Inventory:

Hand Weapons
 a - a +1 shortbow
 b - a +0 short sword (weapon)
Missiles
 c - 2 atropa-tipped darts
 e - 203 stones
Armour
 d - a +0 leather armour (worn)
 f - a +0 pair of boots (worn)
Scrolls
 g - a scroll of acquirement {unknown}
 h - a scroll of magic mapping {unknown}
 j - a scroll of identify {unknown}
 k - a scroll of vulnerability {unknown}
Potions
 i - a potion of cancellation {unknown}
 l - 2 potions of invisibility {unknown}
 m - a potion of attraction {unknown}


   Skills:
 + Level 1.2 Fighting
 + Level 0.1 Short Blades
 + Level 4.4 Bows
 + Level 0.2 Armour
 + Level 0.1 Dodging
 * Level 2.0 Stealth
 + Level 1.0 Spellcasting
 + Level 2.8 Air Magic


You had 3 spell levels left.
You knew the following spells:

 Your Spells              Type           Power      Damage    Failure   Level
a - Shock                 Conj/Air       16%        1d4       19%         1

Your spell library contained the following spells:

 Spells                   Type           Power      Damage    Failure   Level
 Corpse Rot               Necr/Air       8%         N/A       28%         2
 Airstrike                Air            4%         N/A       71%         4


Dungeon Overview and Level Annotations

Branches:
Dungeon (3/15)

Annotations:
D:1 clr
D:2 clr


Innate Abilities, Weirdness & Mutations

You have an increased reservoir of magic. (+10% MP)
You shall have no god before yourself.
Your divine heritage dramatically boosts your attributes as you level up.


Message History

You are more poisoned.
The adder poisons you!
You miss the adder.
The adder is moderately wounded.
You feel sick.
The adder bites you but does no damage. x2
You closely miss the adder.
The adder is moderately wounded.
You feel sick. The adder barely misses you.
You closely miss the adder.
The adder is moderately wounded.
You feel sick. The adder bites you. The adder bites you but does no damage.
You hit the adder but do no damage.
The adder is moderately wounded.
You feel sick. The adder closely misses you.
You hit the adder.
The adder is severely wounded.
You feel sick. The adder bites you.
You miss the adder.
The adder is severely wounded.
You feel sick. The adder bites you. The adder bites you but does no damage.
You barely miss the adder.
The adder is severely wounded.
You feel sick.
You are no longer poisoned.
The adder bites you but does no damage.
You miss the adder.
The adder is severely wounded.
The adder bites you.
* * * LOW HITPOINT WARNING * * *
You hit the adder.
The adder is almost dead.
The adder barely misses you. The adder bites you.
* * * LOW HITPOINT WARNING * * *
You barely miss the adder.
The adder is almost dead.
The adder bites you but does no damage.
You miss the adder.
The adder is almost dead.
The adder bites you.
You die...

.#...# #.#
.#...# #.#
.#...# #.#
.#...# #.#
.##### #.#
.# #.# .#
#.# .#
#.#########
.#
#........@#
.#
#########S#
.# #... ##
......
.......#
....#####
....#
#....+


You could see an adder.

Vanquished Creatures
  Robin (D:2)
  2 dart slugs (D:1)
  7 ball pythons
  2 giant cockroaches (D:1)
  9 goblins
  9 hobgoblins
  2 jackals (D:2)
  A kobold (D:1)
  2 quokkas
  7 bats
  2 frilled lizards
  4 rats
48 creatures vanquished.

Notes
Turn   | Place    | Note
-------+----------+-------------------------------------------
     0 | D:1      | Snarg the Demigod Wanderer began the quest for the Orb.
     0 | D:1      | Snarg set off with the following items: a +1 shortbow, a +0
                  | leather armour; and the following spell memorised: Shock;
                  | and the following spells available to memorise: Corpse Rot,
                  | Airstrike
     0 | D:1      | Reached XP level 1. HP: 16/16 MP: 4/4
    87 | D:1      | Reached XP level 2. HP: 16/23 MP: 5/5
  1004 | D:1      | Reached skill level 4 in Bows
  1264 | D:2      | Noticed Robin
  1301 | D:1      | HP: 1/23 [goblin/+0 club[Robin] (1)]
  1694 | D:2      | Reached XP level 3. HP: 28/28 MP: 6/6
  2126 | D:2      | Killed Robin
  2959 | D:3      | HP: 1/28 [adder (3)]
  2961 | D:3      | Slain by an adder

Illustrated notes

Levels and vault maps discovered:
D:1:      mainiacjoe_arrival_reflecting_pool, layout_loops_ring,
          shapermc_ecumenical_altar_mp_highgroup, minmay_vboxes
D:2:      layout_loops_corners, basic_altar, uniq_robin
D:3:      layout_basic, chequers_serial_rivers_marsh, uniq_crazy_yiuf_cottage,
          uniq_natasha

Skill      XL: |  1  2  3 |
---------------+----------+-----
Bows           | 4 |  4.4
Stealth        | 2 |  2.0
Fighting       | |  1.2
Short Blades   | |  0.1
Armour         | |  0.2
Dodging        | |  0.1
Spellcasting   | |  1.0
Air Magic      | |  2.8

Action                   || total
-------------------------++-------
Melee: Short sword       ||    50
       Shortbow          ||     1
 Fire: Shortbow          ||   111
Throw: Dart              ||     2
  Use: Potion            ||     3
Armor: Leather armour    ||    40
Dodge: Dodged            ||    77

Table legend: (Time is in decaauts)
 A = Elapsed time spent in this place.
 B = Non-inter-level travel time spent in this place.
 C = Inter-level travel time spent in this place.
 D = Time resting spent in this place.
 E = Time spent auto-exploring this place.
 F = Levels seen in this place.
 G = Mean time per level.
                   A        B        C        D        E       F      G
               +--------+--------+--------+--------+--------+-----+--------+
         Total |   3003 |   2867 |    136 |    548 |   1859 |   3 | 1001.0 |
       Dungeon |   3003 |   2867 |    136 |    548 |   1859 |   3 | 1001.0 |
               +--------+--------+--------+--------+--------+-----+--------+

Top non-repeatable levels by time:
     D:1: 1457 daAuts
     D:2: 1290 daAuts
     D:3: 255 daAuts
